AoeStats
← ZZZ1

Arabia

510617325Analyzed
4v4 RM · 1d ago on Oct 1, 2026· 26m 56s· 8 players
Game mode
Random Map
Map size
Large (8 player)
Population
200
Speed
Normal
Resources
Standard
Victory
Conquest
Starting age
Dark Age
Ending age
Imperial Age
RankedLock teamsTeams togetherTeam positionsShared explorationLock speedFull tech treeHidden civsTurbo modeCheats
Victory
Defeat
🇧🇷 Mongols · Brazil
1120
+15
🇨🇱 Persians · Chile
1091
+16
🇲🇽 Sicilians · Mexico
1061
+17
🇩🇪 Magyars · Germany
1054
+17
🇹🇷 Mongols · Türkiye
1141
-19
🇹🇼 Franks · Taiwan
1139
-18
🇬🇧 Goths · United Kingdom
1042
-14
🇹🇷 Huns · Türkiye
1034
-14
[CL] Chinchilla ®
10:38 Feudal Age
12:12 Loom
15:56 Castle Age
14:28 Double-Bit Axe
14:25 Horse Collar
17:37 Bow Saw
17:29 Heavy Plow
23:37 Bloodlines
24:17 Wheelbarrow
25:54 Hand Cart
25:26 Town Watch
26:37 Forging
TA388959
8:07 Loom
11:24 Feudal Age
12:08 Double-Bit Axe
19:39 Fletching
23:39 Horse Collar
Onizuka
9:26 Feudal Age
11:17 Loom
12:38 Double-Bit Axe
16:11 Bloodlines
20:35 Castle Age
19:16 Gold Mining
22:15 Forging
22:35 Fletching
22:51 Husbandry
24:01 Bodkin Arrow
24:55 Padded Archer Armor
glitter
1:56 Loom
10:07 Feudal Age
15:09 Fletching
17:57 Wheelbarrow
18:02 Forging
18:26 Horse Collar
25:22 Scale Mail Armor
TigerTom90
0:35 Loom
9:45 Feudal Age
10:51 Man-at-Arms
12:24 Forging
12:15 Scale Mail Armor
14:39 Double-Bit Axe
14:36 Horse Collar
21:29 Castle Age
22:37 Long Swordsman
23:59 Squires
24:36 Heavy Plow
27:02 Bow Saw
DarkIce4999
10:27 Feudal Age
11:10 Double-Bit Axe
11:07 Horse Collar
16:36 Loom
20:05 Castle Age
18:08 Gold Mining
19:10 Bloodlines
20:31 Scale Barding Armor
20:37 Forging
23:57 Chain Barding Armor
25:47 Iron Casting
ZZZ1
11:41 Feudal Age
17:26 Castle Age
20:47 Double-Bit Axe
AntalyaMessi
8:23 Loom
10:40 Feudal Age
15:30 Castle Age
16:28 Gold Mining
Connection lost

Rejoining the realm…

Still unreachable

The connection could not be restored.

Session expired

The server has moved on; the page needs a fresh start.